Workbook
Name Rubros: #REF!

Sheet CIIU
A2: CÓDIGO CIIU | B2: DESCRIPCIÓN
A3: J6202 | B3: Actividades de consultoría informática y actividades de administración de instalaciones informáticas
A4: J6209 | B4: Otras actividades de tecnologías de información y actividades de servicios informáticos
A5: J6202 | B5: Actividades de consultoría informática y actividades de administración de instalaciones informáticas
A6: J6312 | B6: Portales web

Sheet Grafico
B2: INDICADORES CAPACIDAD FINANCIERA (CF): | G2: INDICADORES DE CAPACIDAD ORGANIZACIONAL (CO)
A3: INDICES ESTADISTICOS | B3: ÍNDICE DE LIQUIDEZ | C3: RAZÓN DE COBERTURA DE INTERESES | D3: ÍNDICE DE ENDEUDAMIENTO | E3: CAPITAL DE TRABAJO | F3: CAPACIDAD PATRIMONIAL | G3: RENTABILIDAD DEL PATRIMONIO | H3: RENTABILIDAD DEL ACTIVO
A4: MINIMO | B4: =MIN('Empresas Indicadores (ESF)'!M2:M100) -> 0.15987905 | C4: =MIN('Empresas Indicadores (ERI)'!H2:H100) -> -83.059492 | D4: =MIN('Empresas Indicadores (ESF)'!N2:N100)/100 -> 2.5615188e-05 | E4: =MIN('Empresas Indicadores (ESF)'!Q2:Q100) -> -54789323 | F4: =MIN('Empresas Indicadores (ESF)'!R2:R100) -> -30515458 | G4: =MIN('Empresas Indicadores (ESF)'!O2:O100) -> -5.3010085 | H4: =MIN('Empresas Indicadores (ESF)'!P2:P100) -> -2.480674 | R4: CAPACIDAD FINANCIERA | S4: 2024
A5: MEDIANA | B5: =MEDIAN('Empresas Indicadores (ESF)'!M2:M100) -> 1.4318235 | C5: =MEDIAN('Empresas Indicadores (ERI)'!H2:H100) -> 1.9555623 | D5: =MEDIAN('Empresas Indicadores (ESF)'!N2:N100)/100 -> 0.0060937274 | E5: =MEDIAN('Empresas Indicadores (ESF)'!Q2:Q100) -> 2434827 | F5: =MEDIAN('Empresas Indicadores (ESF)'!R2:R100) -> 8281591.5 | G5: =MEDIAN('Empresas Indicadores (ESF)'!O2:O100) -> 0.14500654 | H5: =MEDIAN('Empresas Indicadores (ESF)'!P2:P100) -> 0.032911035 | R5: Indice de Liquidez | S5: >=1,43 | T5: Mediana
A6: MEDIA GEOMETRICA | B6: =GEOMEAN('Empresas Indicadores (ESF)'!M2:M100) -> 1.4719174 | C6: =MEDIAN('Empresas Indicadores (ERI)'!H2:H100) -> 1.9555623 | D6: =GEOMEAN('Empresas Indicadores (ESF)'!N2:N100)/100 -> 0.0044870592 | R6: Indice de endeudamiento | S6: <= 62% | T6: Promedio
A7: PROMEDIO | B7: =AVERAGE('Empresas Indicadores (ESF)'!M2:M100) -> 3.063586 | C7: =AVERAGE('Empresas Indicadores (ERI)'!H2:H100) -> 1298.9193 | D7: =AVERAGE('Empresas Indicadores (ESF)'!N2:N100)/100 -> 0.0061861865 | E7: =AVERAGE('Empresas Indicadores (ESF)'!Q2:Q100) -> 10323926 | F7: =AVERAGE('Empresas Indicadores (ESF)'!R2:R100) -> 21487108 | G7: =AVERAGE('Empresas Indicadores (ESF)'!O2:O100) -> 0.080368266 | H7: =AVERAGE('Empresas Indicadores (ESF)'!P2:P100) -> -0.020808654 | R7: Razón de Cobertura | S7: >=1,96 | T7: Mediana
A8: MAXIMO | B8: =MAX('Empresas Indicadores (ESF)'!M2:M100) -> 47.930347 | C8: =MAX('Empresas Indicadores (ERI)'!H2:H100) -> 32394.364 | D8: =MAX('Empresas Indicadores (ESF)'!N2:N100)/100 -> 0.040924175 | E8: =MAX('Empresas Indicadores (ESF)'!Q2:Q100) -> 148649790 | F8: =MAX('Empresas Indicadores (ESF)'!R2:R100) -> 263362018 | G8: =MAX('Empresas Indicadores (ESF)'!O2:O100) -> 1.5635125 | H8: =MAX('Empresas Indicadores (ESF)'!P2:P100) -> 0.81824808 | R8: Capital de trabajo | S8: 40% P.O.
A9: CONSOLIDADO DEL SECTOR | B9: ='Indicadores 2024'!J18 -> 0 | C9: ='Indicadores 2024'!J19 -> 0 | D9: ='Indicadores 2024'!J20 -> 0 | E9: ='Indicadores 2024'!J21 -> 0 | F9: ='Indicadores 2024'!J22 -> 0 | G9: ='Indicadores 2024'!J23 -> 0 | H9: ='Indicadores 2024'!J24 -> 0
R10: CAPACIDAD ORGANIZACIONAL | S10: 2024
R11: Rentabilidad del Patrimonio | S11: >=15% | T11: Promedio
R12: Rentabilidad del Activo | S12: >= 3% | T12: Mediana

Sheet Empresas Indicadores (ESF)
A1: NIT | B1: Fecha de Corte | C1: CIIU | D1: Activos corrientes totales | E1: Total de activos no corrientes | F1: Total de activos | G1: Pasivos corrientes totales | H1: Total de pasivos no corrientes | I1: Total pasivos | J1: Patrimonio total | K1: Total de patrimonio y pasivos | L1: Ganancia (pérdida) | M1: ÍNDICE DE LIQUIDEZ (AC/ PC ) | N1: ÍNDICE DE ENDEUDAMIENTO (PT/AT) | O1: RENTABILIDAD DEL PATRIMONIO (UO/ P) | P1: RENTABILIDAD DEL ACTIVO (UO/AT) | Q1: CAPITAL DE TRABAJO (AC-PC) | R1: CAPACIDAD PATRIMONIAL (PATRIMONIO) | S1: RAZÓN DE COBERTURA DE INTERESES (1)
A2: 800057965 | B2: 2022-12-31 | C2: J6202 - Actividades de consultoría informática y actividades de administración de instalaciones informáticas | D2: 52738957 | E2: 669012 | F2: 53407969 | G2: 47780577 | H2: 42951 | I2: 47823528 | J2: 5584441 | K2: 53407969 | L2: -3528979 | M2: =D2/G2 -> 1.103774 | N2: =I2/F2 -> 0.89543806 | O2: =L2/J2 -> -0.63193057 | P2: =L2/F2 -> -0.066075888 | Q2: =D2-G2 -> 4958380 | R2: =J2 -> 5584441 | S2: -4.7036559
A3: 800066453 | B3: 2022-12-31 | C3: J6202 - Actividades de consultoría informática y actividades de administración de instalaciones informáticas | D3: 3448646 | E3: 26017466 | F3: 29466112 | G3: 75478 | I3: 75478 | J3: 29390634 | K3: 29466112 | L3: 6856049 | M3: =D3/G3 -> 45.690744 | N3: =I3/F3 -> 0.0025615188 | O3: =L3/J3 -> 0.23327326 | P3: =L3/F3 -> 0.23267573 | Q3: =D3-G3 -> 3373168 | R3: =J3 -> 29390634 | S3: 97.821978
A4: 800110980 | B4: 2022-12-31 | C4: J6202 - Actividades de consultoría informática y actividades de administración de instalaciones informáticas | D4: 163857811 | E4: 26771541 | F4: 190629352 | G4: 167697115 | H4: 7901145 | I4: 175598260 | J4: 15031092 | K4: 190629352 | L4: 8912460 | M4: =D4/G4 -> 0.97710572 | N4: =I4/F4 -> 0.92115017 | O4: =L4/J4 -> 0.59293496 | P4: =L4/F4 -> 0.046752821 | Q4: =D4-G4 -> -3839304 | R4: =J4 -> 15031092 | S4: 0.78008444
A5: 800143407 | B5: 2022-12-31 | C5: J6201 - Actividades de desarrollo de sistemas informáticos (planificación, análisis, diseño, programación, pruebas) | D5: 13897366 | E5: 718440 | F5: 14615806 | G5: 1418829 | H5: 312232 | I5: 1731061 | J5: 12884745 | K5: 14615806 | L5: 613380 | M5: =D5/G5 -> 9.7949549 | N5: =I5/F5 -> 0.1184376 | O5: =L5/J5 -> 0.047605133 | P5: =L5/F5 -> 0.041966895 | Q5: =D5-G5 -> 12478537 | R5: =J5 -> 12884745 | S5: 1.2175021
A6: 800147578 | B6: 2022-12-31 | C6: J6209 - Otras actividades de tecnologías de información y actividades de servicios informáticos | D6: 18334674 | E6: 1595295 | F6: 19929969 | G6: 5626361 | I6: 5626361 | J6: 14303608 | K6: 19929969 | L6: -2250539 | M6: =D6/G6 -> 3.2587091 | N6: =I6/F6 -> 0.28230656 | O6: =L6/J6 -> -0.15734065 | P6: =L6/F6 -> -0.11292235 | Q6: =D6-G6 -> 12708313 | R6: =J6 -> 14303608 | S6: -2.661791
A7: 800159527 | B7: 2022-12-31 | C7: J6202 - Actividades de consultoría informática y actividades de administración de instalaciones informáticas | D7: 23572240 | E7: 9987261 | F7: 33559501 | G7: 21159733 | H7: 2957803 | I7: 24117536 | J7: 9441965 | K7: 33559501 | L7: 3201883 | M7: =D7/G7 -> 1.1140141 | N7: =I7/F7 -> 0.71865002 | O7: =L7/J7 -> 0.33911193 | P7: =L7/F7 -> 0.095409136 | Q7: =D7-G7 -> 2412507 | R7: =J7 -> 9441965 | S7: 27.631977
A8: 800229663 | B8: 2022-12-31 | C8: J6312 - Portales web | D8: 3865392 | E8: 8709600 | F8: 12574992 | G8: 8633440 | H8: 310211 | I8: 8943651 | J8: 3631341 | K8: 12574992 | L8: -354181 | M8: =D8/G8 -> 0.44772327 | N8: =I8/F8 -> 0.71122518 | O8: =L8/J8 -> -0.097534492 | P8: =L8/F8 -> -0.028165505 | Q8: =D8-G8 -> -4768048 | R8: =J8 -> 3631341 | S8: -10.911979
A10: 802015290 | B10: 2022-12-31 | C10: J6209 - Otras actividades de tecnologías de información y actividades de servicios informáticos | D10: 2735090 | E10: 67386 | F10: 2802476 | G10: 1404602 | H10: 380334 | I10: 1784936 | J10: 1017540 | K10: 2802476 | L10: 685429 | M10: =D10/G10 -> 1.9472349 | N10: =I10/F10 -> 0.63691393 | O10: =L10/J10 -> 0.67361381 | P10: =L10/F10 -> 0.24457979 | Q10: =D10-G10 -> 1330488 | R10: =J10 -> 1017540 | S10: 28.410387
A11: 805012299 | B11: 2022-12-31 | C11: J6201 - Actividades de desarrollo de sistemas informáticos (planificación, análisis, diseño, programación, pruebas) | D11: 14468795 | E11: 11748785 | F11: 26217580 | G11: 9900738 | H11: 1876538 | I11: 11777276 | J11: 14440304 | K11: 26217580 | L11: 587531 | M11: =D11/G11 -> 1.4613855 | N11: =I11/F11 -> 0.44921293 | O11: =L11/J11 -> 0.040686886 | P11: =L11/F11 -> 0.022409811 | Q11: =D11-G11 -> 4568057 | R11: =J11 -> 14440304 | S11: 2.0106809
A13: 811023886 | B13: 2022-12-31 | C13: J6201 - Actividades de desarrollo de sistemas informáticos (planificación, análisis, diseño, programación, pruebas) | D13: 6498400 | E13: 3858847 | F13: 10357247 | G13: 2644386 | H13: 3603958 | I13: 6248344 | J13: 4108903 | K13: 10357247 | L13: 540316 | M13: =D13/G13 -> 2.4574325 | N13: =I13/F13 -> 0.60328232 | O13: =L13/J13 -> 0.13149885 | P13: =L13/F13 -> 0.052167917 | Q13: =D13-G13 -> 3854014 | R13: =J13 -> 4108903 | S13: 2.4847941
A14: 830013774 | B14: 2022-12-31 | C14: J6201 - Actividades de desarrollo de sistemas informáticos (planificación, análisis, diseño, programación, pruebas) | D14: 240743688 | E14: 19190315 | F14: 259934003 | G14: 149113126 | H14: 132615 | I14: 149245741 | J14: 110688262 | K14: 259934003 | L14: 12912265 | M14: =D14/G14 -> 1.6145037 | N14: =I14/F14 -> 0.57416782 | O14: =L14/J14 -> 0.11665433 | P14: =L14/F14 -> 0.049675167 | Q14: =D14-G14 -> 91630562 | R14: =J14 -> 110688262 | S14: 4.6553097
A17: 830072490 | B17: 2022-12-31 | C17: J6312 - Portales web | D17: 5165975 | E17: 9686754 | F17: 14852729 | G17: 2606849 | I17: 2606849 | J17: 12245880 | K17: 14852729 | L17: 12153217 | M17: =D17/G17 -> 1.9816932 | N17: =I17/F17 -> 0.17551313 | O17: =L17/J17 -> 0.99243313 | P17: =L17/F17 -> 0.81824808 | Q17: =D17-G17 -> 2559126 | R17: =J17 -> 12245880 | S17: INDETERMINADO
A19: 830080727 | B19: 2022-12-31 | C19: J6209 - Otras actividades de tecnologías de información y actividades de servicios informáticos | D19: 7502093 | E19: 2055109 | F19: 9557202 | G19: 1190779 | H19: 4116145 | I19: 5306924 | J19: 4250278 | K19: 9557202 | L19: 114943 | M19: =D19/G19 -> 6.3001556 | N19: =I19/F19 -> 0.55528009 | O19: =L19/J19 -> 0.027043643 | P19: =L19/F19 -> 0.012026846 | Q19: =D19-G19 -> 6311314 | R19: =J19 -> 4250278 | S19: 965.90756
A20: 830081273 | B20: 2022-12-31 | C20: J6209 - Otras actividades de tecnologías de información y actividades de servicios informáticos | D20: 23272100 | E20: 29933 | F20: 23302033 | G20: 16233141 | H20: 401223 | I20: 16634364 | J20: 6667669 | K20: 23302033 | L20: 445193 | M20: =D20/G20 -> 1.4336166 | N20: =I20/F20 -> 0.71385892 | O20: =L20/J20 -> 0.066768911 | P20: =L20/F20 -> 0.019105329 | Q20: =D20-G20 -> 7038959 | R20: =J20 -> 6667669 | S20: 0.18186397
A21: 830084433 | B21: 2022-12-31 | C21: J6209 - Otras actividades de tecnologías de información y actividades de servicios informáticos | D21: 20242561 | E21: 20203654 | F21: 40446215 | G21: 14060000 | H21: 956630 | I21: 15016630 | J21: 25429585 | K21: 40446215 | L21: 2687968 | M21: =D21/G21 -> 1.439727 | N21: =I21/F21 -> 0.37127405 | O21: =L21/J21 -> 0.10570239 | P21: =L21/F21 -> 0.066457838 | Q21: =D21-G21 -> 6182561 | R21: =J21 -> 25429585 | S21: 14.694774
A24: 830096374 | B24: 2022-12-31 | C24: J6201 - Actividades de desarrollo de sistemas informáticos (planificación, análisis, diseño, programación, pruebas) | D24: 36129878 | E24: 5408591 | F24: 41538469 | G24: 30056093 | H24: 338049 | I24: 30394142 | J24: 11144327 | K24: 41538469 | L24: 7209702 | M24: =D24/G24 -> 1.2020817 | N24: =I24/F24 -> 0.73171069 | O24: =L24/J24 -> 0.6469392 | P24: =L24/F24 -> 0.17356687 | Q24: =D24-G24 -> 6073785 | R24: =J24 -> 11144327 | S24: 6.5641207
A26: 830111965 | B26: 2022-12-31 | C26: J6201 - Actividades de desarrollo de sistemas informáticos (planificación, análisis, diseño, programación, pruebas) | D26: 28071550 | E26: 9286588 | F26: 37358138 | G26: 11621012 | H26: 2271139 | I26: 13892151 | J26: 23465987 | K26: 37358138 | L26: 9157664 | M26: =D26/G26 -> 2.4155857 | N26: =I26/F26 -> 0.37186412 | O26: =L26/J26 -> 0.39025267 | P26: =L26/F26 -> 0.2451317 | Q26: =D26-G26 -> 16450538 | R26: =J26 -> 23465987 | S26: INDETERMINADO
A28: 830115764 | B28: 2022-12-31 | C28: J6201 - Actividades de desarrollo de sistemas informáticos (planificación, análisis, diseño, programación, pruebas) | D28: 4021904 | E28: 2373845 | F28: 6395749 | G28: 1307518 | H28: 786572 | I28: 2094090 | J28: 4301659 | K28: 6395749 | L28: 1840275 | M28: =D28/G28 -> 3.0759837 | N28: =I28/F28 -> 0.32741904 | O28: =L28/J28 -> 0.42780588 | P28: =L28/F28 -> 0.28773409 | Q28: =D28-G28 -> 2714386 | R28: =J28 -> 4301659 | S28: INDETERMINADO
A29: 830124633 | B29: 2022-12-31 | C29: J6209 - Otras actividades de tecnologías de información y actividades de servicios informáticos | D29: 29325600 | E29: 4845700 | F29: 34171300 | G29: 26241621 | H29: 6887288 | I29: 33128909 | J29: 1042391 | K29: 34171300 | L29: 104812 | M29: =D29/G29 -> 1.1175224 | N29: =I29/F29 -> 0.96949513 | O29: =L29/J29 -> 0.1005496 | P29: =L29/F29 -> 0.0030672523 | Q29: =D29-G29 -> 3083979 | R29: =J29 -> 1042391 | S29: 0.15359365
A32: 900060799 | B32: 2022-12-31 | C32: J6201 - Actividades de desarrollo de sistemas informáticos (planificación, análisis, diseño, programación, pruebas) | D32: 128855843 | E32: 8149928 | F32: 137005771 | G32: 106630383 | H32: 5472571 | I32: 112102954 | J32: 24902817 | K32: 137005771 | L32: 3560528 | M32: =D32/G32 -> 1.2084346 | N32: =I32/F32 -> 0.81823527 | O32: =L32/J32 -> 0.14297692 | P32: =L32/F32 -> 0.025988161 | Q32: =D32-G32 -> 22225460 | R32: =J32 -> 24902817 | S32: 0.53680019
A37: 900129872 | B37: 2022-12-31 | C37: J6201 - Actividades de desarrollo de sistemas informáticos (planificación, análisis, diseño, programación, pruebas) | D37: 20020238 | E37: 16759825 | F37: 36780063 | G37: 25276883 | H37: 4016723 | I37: 29293606 | J37: 7486457 | K37: 36780063 | L37: 15103 | M37: =D37/G37 -> 0.79203745 | N37: =I37/F37 -> 0.79645339 | O37: =L37/J37 -> 0.0020173762 | P37: =L37/F37 -> 0.00041063007 | Q37: =D37-G37 -> -5256645 | R37: =J37 -> 7486457 | S37: INDETERMINADO
A40: 900195138 | B40: 2022-12-31 | C40: J6201 - Actividades de desarrollo de sistemas informáticos (planificación, análisis, diseño, programación, pruebas) | D40: 35781177 | E40: 3757561 | F40: 39538738 | G40: 12169662 | H40: 2930502 | I40: 15100164 | J40: 24438574 | K40: 39538738 | L40: 10140057 | M40: =D40/G40 -> 2.9401948 | N40: =I40/F40 -> 0.38190809 | O40: =L40/J40 -> 0.41492016 | P40: =L40/F40 -> 0.25645879 | Q40: =D40-G40 -> 23611515 | R40: =J40 -> 24438574 | S40: 0.83901377
A42: 900211457 | B42: 2022-12-31 | C42: J6209 - Otras actividades de tecnologías de información y actividades de servicios informáticos | D42: 50735332 | E42: 23165981 | F42: 73901313 | G42: 55764329 | H42: 4989894 | I42: 60754223 | J42: 13147090 | K42: 73901313 | L42: 115870 | M42: =D42/G42 -> 0.90981695 | N42: =I42/F42 -> 0.82209937 | O42: =L42/J42 -> 0.0088133572 | P42: =L42/F42 -> 0.0015679018 | Q42: =D42-G42 -> -5028997 | R42: =J42 -> 13147090 | S42: 0.10372142
A43: 900218578 | B43: 2022-12-31 | C43: J6201 - Actividades de desarrollo de sistemas informáticos (planificación, análisis, diseño, programación, pruebas) | D43: 269599534 | E43: 206981926 | F43: 476581460 | G43: 233876204 | H43: 76544906 | I43: 310421110 | J43: 166160350 | K43: 476581460 | L43: 37932929 | M43: =D43/G43 -> 1.1527446 | N43: =I43/F43 -> 0.65134953 | O43: =L43/J43 -> 0.2282911 | P43: =L43/F43 -> 0.079593799 | Q43: =D43-G43 -> 35723330 | R43: =J43 -> 166160350 | S43: 108.88221
A44: 900224316 | B44: 2022-12-31 | C44: J6201 - Actividades de desarrollo de sistemas informáticos (planificación, análisis, diseño, programación, pruebas) | D44: 3110579 | E44: 755292 | F44: 3865871 | G44: 2142921 | H44: 265241 | I44: 2408162 | J44: 1457709 | K44: 3865871 | L44: 464205 | M44: =D44/G44 -> 1.4515603 | N44: =I44/F44 -> 0.6229287 | O44: =L44/J44 -> 0.31844833 | P44: =L44/F44 -> 0.12007773 | Q44: =D44-G44 -> 967658 | R44: =J44 -> 1457709 | S44: 3.0370368
A45: 900237820 | B45: 2022-12-31 | C45: J6201 - Actividades de desarrollo de sistemas informáticos (planificación, análisis, diseño, programación, pruebas) | D45: 2898048 | E45: 710732 | F45: 3608780 | G45: 866865 | H45: 71572 | I45: 938437 | J45: 2670343 | K45: 3608780 | L45: 1129963 | M45: =D45/G45 -> 3.3431365 | N45: =I45/F45 -> 0.26004273 | O45: =L45/J45 -> 0.42315276 | P45: =L45/F45 -> 0.31311496 | Q45: =D45-G45 -> 2031183 | R45: =J45 -> 2670343 | S45: 23.812758
A47: 900281430 | B47: 2022-12-31 | C47: J6201 - Actividades de desarrollo de sistemas informáticos (planificación, análisis, diseño, programación, pruebas) | D47: 6424336 | E47: 8756774 | F47: 15181110 | G47: 5626994 | H47: 5226460 | I47: 10853454 | J47: 4327656 | K47: 15181110 | L47: 846061 | M47: =D47/G47 -> 1.1416995 | N47: =I47/F47 -> 0.71493152 | O47: =L47/J47 -> 0.19550098 | P47: =L47/F47 -> 0.055731169 | Q47: =D47-G47 -> 797342 | R47: =J47 -> 4327656 | S47: INDETERMINADO
A48: 900299228 | B48: 2022-12-31 | C48: J6209 - Otras actividades de tecnologías de información y actividades de servicios informáticos | D48: 12739312 | E48: 6191200 | F48: 18930512 | G48: 11181191 | I48: 11181191 | J48: 7749321 | K48: 18930512 | L48: -6521373 | M48: =D48/G48 -> 1.139352 | N48: =I48/F48 -> 0.59064388 | O48: =L48/J48 -> -0.84154121 | P48: =L48/F48 -> -0.34449005 | Q48: =D48-G48 -> 1558121 | R48: =J48 -> 7749321 | S48: -11.731873
A49: 900320612 | B49: 2022-12-31 | C49: J6209 - Otras actividades de tecnologías de información y actividades de servicios informáticos | D49: 750233597 | E49: 156984477 | F49: 907218074 | G49: 628230296 | H49: 15625760 | I49: 643856056 | J49: 263362018 | K49: 907218074 | L49: 47909039 | M49: =D49/G49 -> 1.1942016 | N49: =I49/F49 -> 0.70970374 | O49: =L49/J49 -> 0.18191324 | P49: =L49/F49 -> 0.052808735 | Q49: =D49-G49 -> 122003301 | R49: =J49 -> 263362018 | S49: 10.14405
A52: 900399437 | B52: 2022-12-31 | C52: J6209 - Otras actividades de tecnologías de información y actividades de servicios informáticos | D52: 29124192 | E52: 4822388 | F52: 33946580 | G52: 37465940 | H52: 18588 | I52: 37484528 | J52: -3537948 | K52: 33946580 | L52: -781712 | M52: =D52/G52 -> 0.77735116 | N52: =I52/F52 -> 1.104221 | O52: =L52/J52 -> 0.22095068 | P52: =L52/F52 -> -0.02302771 | Q52: =D52-G52 -> -8341748 | R52: =J52 -> -3537948 | S52: INDETERMINADO
A53: 900420814 | B53: 2022-12-31 | C53: J6201 - Actividades de desarrollo de sistemas informáticos (planificación, análisis, diseño, programación, pruebas) | D53: 74975461 | E53: 32879124 | F53: 107854585 | G53: 46875009 | H53: 9023528 | I53: 55898537 | J53: 51956048 | K53: 107854585 | L53: 24260315 | M53: =D53/G53 -> 1.5994762 | N53: =I53/F53 -> 0.51827687 | O53: =L53/J53 -> 0.46693919 | P53: =L53/F53 -> 0.22493541 | Q53: =D53-G53 -> 28100452 | R53: =J53 -> 51956048 | S53: 30.455209
A54: 900471195 | B54: 2022-12-31 | C54: J6209 - Otras actividades de tecnologías de información y actividades de servicios informáticos | D54: 49779173 | E54: 4730207 | F54: 54509380 | G54: 48819703 | I54: 48819703 | J54: 5689677 | K54: 54509380 | L54: 4228006 | M54: =D54/G54 -> 1.0196533 | N54: =I54/F54 -> 0.89562022 | O54: =L54/J54 -> 0.74310123 | P54: =L54/F54 -> 0.077564742 | Q54: =D54-G54 -> 959470 | R54: =J54 -> 5689677 | S54: 4.8661982
A57: 900481621 | B57: 2022-12-31 | C57: J6201 - Actividades de desarrollo de sistemas informáticos (planificación, análisis, diseño, programación, pruebas) | D57: 33549800 | E57: 37714335 | F57: 71264135 | G57: 27174048 | H57: 6520383 | I57: 33694431 | J57: 37569704 | K57: 71264135 | L57: 15319532 | M57: =D57/G57 -> 1.2346265 | N57: =I57/F57 -> 0.4728105 | O57: =L57/J57 -> 0.40776291 | P57: =L57/F57 -> 0.21496833 | Q57: =D57-G57 -> 6375752 | R57: =J57 -> 37569704 | S57: 14.281602
A59: 900569535 | B59: 2022-12-31 | C59: J6201 - Actividades de desarrollo de sistemas informáticos (planificación, análisis, diseño, programación, pruebas) | D59: 1353234 | E59: 24953226 | F59: 26306460 | G59: 1139228 | H59: 3716810 | I59: 4856038 | J59: 21450422 | K59: 26306460 | L59: 188500 | M59: =D59/G59 -> 1.1878518 | N59: =I59/F59 -> 0.18459489 | O59: =L59/J59 -> 0.0087877059 | P59: =L59/F59 -> 0.0071655403 | Q59: =D59-G59 -> 214006 | R59: =J59 -> 21450422 | S59: 1745.3704
A61: 900584902 | B61: 2022-12-31 | C61: J6201 - Actividades de desarrollo de sistemas informáticos (planificación, análisis, diseño, programación, pruebas) | D61: 700635 | E61: 4945358 | F61: 5645993 | G61: 310855 | I61: 310855 | J61: 5335138 | K61: 5645993 | L61: 48338 | M61: =D61/G61 -> 2.2538965 | N61: =I61/F61 -> 0.055057631 | O61: =L61/J61 -> 0.0090603092 | P61: =L61/F61 -> 0.0085614701 | Q61: =D61-G61 -> 389780 | R61: =J61 -> 5335138 | S61: INDETERMINADO
A62: 900594521 | B62: 2022-12-31 | C62: J6201 - Actividades de desarrollo de sistemas informáticos (planificación, análisis, diseño, programación, pruebas) | D62: 23379461 | E62: 9989721 | F62: 33369182 | G62: 10042506 | H62: 6742900 | I62: 16785406 | J62: 16583776 | K62: 33369182 | L62: 6089325 | M62: =D62/G62 -> 2.3280505 | N62: =I62/F62 -> 0.5030212 | O62: =L62/J62 -> 0.36718568 | P62: =L62/F62 -> 0.1824835 | Q62: =D62-G62 -> 13336955 | R62: =J62 -> 16583776 | S62: 2.2842075
A64: 900629941 | B64: 2022-12-31 | C64: J6201 - Actividades de desarrollo de sistemas informáticos (planificación, análisis, diseño, programación, pruebas) | D64: 817354 | E64: 350000 | F64: 1167354 | G64: 543451 | I64: 543451 | J64: 623903 | K64: 1167354 | L64: 138887 | M64: =D64/G64 -> 1.5040068 | N64: =I64/F64 -> 0.46554087 | O64: =L64/J64 -> 0.22260992 | P64: =L64/F64 -> 0.11897591 | Q64: =D64-G64 -> 273903 | R64: =J64 -> 623903 | S64: INDETERMINADO
A65: 900633782 | B65: 2022-12-31 | C65: J6201 - Actividades de desarrollo de sistemas informáticos (planificación, análisis, diseño, programación, pruebas) | D65: 2631739 | E65: 4327922 | F65: 6959661 | G65: 3808817 | H65: 667842 | I65: 4476659 | J65: 2483002 | K65: 6959661 | L65: 87369 | M65: =D65/G65 -> 0.69095969 | N65: =I65/F65 -> 0.64322946 | O65: =L65/J65 -> 0.035186842 | P65: =L65/F65 -> 0.012553629 | Q65: =D65-G65 -> -1177078 | R65: =J65 -> 2483002 | S65: 0.11097788
A66: 900675394 | B66: 2022-12-31 | C66: J6201 - Actividades de desarrollo de sistemas informáticos (planificación, análisis, diseño, programación, pruebas) | D66: 27074258 | E66: 907381 | F66: 27981639 | G66: 17216724 | H66: 4944 | I66: 17221668 | J66: 10759971 | K66: 27981639 | L66: 3563380 | M66: =D66/G66 -> 1.5725557 | N66: =I66/F66 -> 0.61546316 | O66: =L66/J66 -> 0.33117004 | P66: =L66/F66 -> 0.12734708 | Q66: =D66-G66 -> 9857534 | R66: =J66 -> 10759971 | S66: 32394.364
A67: 900711074 | B67: 2022-12-31 | C67: J6201 - Actividades de desarrollo de sistemas informáticos (planificación, análisis, diseño, programación, pruebas) | D67: 23998746 | E67: 7672327 | F67: 31671073 | G67: 15036215 | H67: 5025070 | I67: 20061285 | J67: 11609788 | K67: 31671073 | L67: 9220832 | M67: =D67/G67 -> 1.596063 | N67: =I67/F67 -> 0.63342612 | O67: =L67/J67 -> 0.79422915 | P67: =L67/F67 -> 0.29114366 | Q67: =D67-G67 -> 8962531 | R67: =J67 -> 11609788 | S67: INDETERMINADO
A68: 900712544 | B68: 2022-12-31 | C68: J6209 - Otras actividades de tecnologías de información y actividades de servicios informáticos | D68: 9320804 | E68: 5297520 | F68: 14618324 | G68: 6017136 | H68: 4208300 | I68: 10225436 | J68: 4392888 | K68: 14618324 | L68: 582305 | M68: =D68/G68 -> 1.5490433 | N68: =I68/F68 -> 0.69949442 | O68: =L68/J68 -> 0.1325563 | P68: =L68/F68 -> 0.03983391 | Q68: =D68-G68 -> 3303668 | R68: =J68 -> 4392888 | S68: INDETERMINADO
A69: 900746078 | B69: 2022-12-31 | C69: J6209 - Otras actividades de tecnologías de información y actividades de servicios informáticos | D69: 2486671 | E69: 2037309 | F69: 4523980 | G69: 2773767 | H69: 206658 | I69: 2980425 | J69: 1543555 | K69: 4523980 | L69: -540136 | M69: =D69/G69 -> 0.89649599 | N69: =I69/F69 -> 0.65880596 | O69: =L69/J69 -> -0.34992987 | P69: =L69/F69 -> -0.11939398 | Q69: =D69-G69 -> -287096 | R69: =J69 -> 1543555 | S69: INDETERMINADO
A70: 900797285 | B70: 2022-12-31 | C70: J6201 - Actividades de desarrollo de sistemas informáticos (planificación, análisis, diseño, programación, pruebas) | D70: 16702278 | E70: 8856526 | F70: 25558804 | G70: 9339075 | H70: 2576255 | I70: 11915330 | J70: 13643474 | K70: 25558804 | L70: 3438879 | M70: =D70/G70 -> 1.7884296 | N70: =I70/F70 -> 0.46619278 | O70: =L70/J70 -> 0.25205303 | P70: =L70/F70 -> 0.13454773 | Q70: =D70-G70 -> 7363203 | R70: =J70 -> 13643474 | S70: INDETERMINADO
A71: 900843898 | B71: 2022-12-31 | C71: J6201 - Actividades de desarrollo de sistemas informáticos (planificación, análisis, diseño, programación, pruebas) | D71: 458098635 | E71: 11634278 | F71: 469732913 | G71: 379393668 | H71: 52712160 | I71: 432105828 | J71: 37627085 | K71: 469732913 | L71: -199461497 | M71: =D71/G71 -> 1.2074493 | N71: =I71/F71 -> 0.91989685 | O71: =L71/J71 -> -5.3010085 | P71: =L71/F71 -> -0.42462747 | Q71: =D71-G71 -> 78704967 | R71: =J71 -> 37627085 | S71: -2.9478566
A72: 900850957 | B72: 2022-12-31 | C72: J6201 - Actividades de desarrollo de sistemas informáticos (planificación, análisis, diseño, programación, pruebas) | D72: 20002023 | E72: 10376001 | F72: 30378024 | G72: 20423216 | H72: 928122 | I72: 21351338 | J72: 9026686 | K72: 30378024 | L72: -17385360 | M72: =D72/G72 -> 0.97937675 | N72: =I72/F72 -> 0.70285473 | O72: =L72/J72 -> -1.9259959 | P72: =L72/F72 -> -0.57230056 | Q72: =D72-G72 -> -421193 | R72: =J72 -> 9026686 | S72: -30.63424
A74: 900955679 | B74: 2022-12-31 | C74: J6201 - Actividades de desarrollo de sistemas informáticos (planificación, análisis, diseño, programación, pruebas) | D74: 32714916 | E74: 17772534 | F74: 50487450 | G74: 22004482 | H74: 12318981 | I74: 34323463 | J74: 16163987 | K74: 50487450 | L74: 6570345 | M74: =D74/G74 -> 1.4867387 | N74: =I74/F74 -> 0.67984149 | O74: =L74/J74 -> 0.40648047 | P74: =L74/F74 -> 0.13013818 | Q74: =D74-G74 -> 10710434 | R74: =J74 -> 16163987 | S74: 1.9004437
A76: 901003327 | B76: 2022-12-31 | C76: J6209 - Otras actividades de tecnologías de información y actividades de servicios informáticos | D76: 121619905 | E76: 56380771 | F76: 178000676 | G76: 51763594 | H76: 7512319 | I76: 59275913 | J76: 118724763 | K76: 178000676 | L76: -23709861 | M76: =D76/G76 -> 2.3495259 | N76: =I76/F76 -> 0.33300948 | O76: =L76/J76 -> -0.19970443 | P76: =L76/F76 -> -0.13320096 | Q76: =D76-G76 -> 69856311 | R76: =J76 -> 118724763 | S76: -61.754561
A77: 901026725 | B77: 2022-12-31 | C77: J6201 - Actividades de desarrollo de sistemas informáticos (planificación, análisis, diseño, programación, pruebas) | D77: 11953012 | E77: 153894213 | F77: 165847225 | G77: 18326768 | H77: 828696 | I77: 19155464 | J77: 146691761 | K77: 165847225 | L77: -2774862 | M77: =D77/G77 -> 0.65221604 | N77: =I77/F77 -> 0.11550066 | O77: =L77/J77 -> -0.018916277 | P77: =L77/F77 -> -0.016731435 | Q77: =D77-G77 -> -6373756 | R77: =J77 -> 146691761 | S77: INDETERMINADO
A78: 901088710 | B78: 2022-12-31 | C78: J6312 - Portales web | D78: 2562466 | E78: 177443 | F78: 2739909 | G78: 728938 | I78: 728938 | J78: 2010971 | K78: 2739909 | L78: 212834 | M78: =D78/G78 -> 3.5153415 | N78: =I78/F78 -> 0.2660446 | O78: =L78/J78 -> 0.10583643 | P78: =L78/F78 -> 0.077679222 | Q78: =D78-G78 -> 1833528 | R78: =J78 -> 2010971 | S78: INDETERMINADO
A79: 901177770 | B79: 2022-12-31 | C79: J6201 - Actividades de desarrollo de sistemas informáticos (planificación, análisis, diseño, programación, pruebas) | D79: 11375080 | E79: 2086786 | F79: 13461866 | G79: 9401794 | H79: 122174 | I79: 9523968 | J79: 3937898 | K79: 13461866 | L79: -1392278 | M79: =D79/G79 -> 1.209884 | N79: =I79/F79 -> 0.70747755 | O79: =L79/J79 -> -0.35355868 | P79: =L79/F79 -> -0.10342385 | Q79: =D79-G79 -> 1973286 | R79: =J79 -> 3937898 | S79: -1.1319011
A80: 901221987 | B80: 2022-12-31 | C80: J6209 - Otras actividades de tecnologías de información y actividades de servicios informáticos | D80: 55877170 | E80: 3921759 | F80: 59798929 | G80: 39074115 | H80: 0 | I80: 39074115 | J80: 20724814 | K80: 59798929 | L80: -1257624 | M80: =D80/G80 -> 1.4300303 | N80: =I80/F80 -> 0.653425 | O80: =L80/J80 -> -0.06068204 | P80: =L80/F80 -> -0.021030878 | Q80: =D80-G80 -> 16803055 | R80: =J80 -> 20724814 | S80: INDETERMINADO
A81: 901265149 | B81: 2022-12-31 | C81: J6201 - Actividades de desarrollo de sistemas informáticos (planificación, análisis, diseño, programación, pruebas) | D81: 4075931 | E81: 26889790 | F81: 30965721 | G81: 9573703 | H81: 0 | I81: 9573703 | J81: 21392018 | K81: 30965721 | L81: -39822177 | M81: =D81/G81 -> 0.42574237 | N81: =I81/F81 -> 0.309171 | O81: =L81/J81 -> -1.8615437 | P81: =L81/F81 -> -1.2860084 | Q81: =D81-G81 -> -5497772 | R81: =J81 -> 21392018 | S81: -51.121317
A82: 901277447 | B82: 2022-12-31 | C82: J6201 - Actividades de desarrollo de sistemas informáticos (planificación, análisis, diseño, programación, pruebas) | D82: 1380480 | E82: 2963760 | F82: 4344240 | G82: 608790 | H82: 390087 | I82: 998877 | J82: 3345363 | K82: 4344240 | L82: 42662 | M82: =D82/G82 -> 2.26758 | N82: =I82/F82 -> 0.22993136 | O82: =L82/J82 -> 0.012752577 | P82: =L82/F82 -> 0.0098203598 | Q82: =D82-G82 -> 771690 | R82: =J82 -> 3345363 | S82: 2.1149118
A83: 901284844 | B83: 2022-12-31 | C83: J6201 - Actividades de desarrollo de sistemas informáticos (planificación, análisis, diseño, programación, pruebas) | D83: 4250055 | E83: 7198552 | F83: 11448607 | G83: 3908657 | H83: 2114754 | I83: 6023411 | J83: 5425196 | K83: 11448607 | L83: 797700 | M83: =D83/G83 -> 1.0873441 | N83: =I83/F83 -> 0.5261261 | O83: =L83/J83 -> 0.14703616 | P83: =L83/F83 -> 0.069676599 | Q83: =D83-G83 -> 341398 | R83: =J83 -> 5425196 | S83: 48.202308
A84: 901306687 | B84: 2022-12-31 | C84: J6201 - Actividades de desarrollo de sistemas informáticos (planificación, análisis, diseño, programación, pruebas) | D84: 15549 | F84: 15549 | G84: 63633 | I84: 63633 | J84: -48084 | K84: 15549 | L84: -38572 | M84: =D84/G84 -> 0.24435434 | N84: =I84/F84 -> 4.0924175 | O84: =L84/J84 -> 0.80217952 | P84: =L84/F84 -> -2.480674 | Q84: =D84-G84 -> -48084 | R84: =J84 -> -48084 | S84: INDETERMINADO
A85: 901323081 | B85: 2022-12-31 | C85: J6201 - Actividades de desarrollo de sistemas informáticos (planificación, análisis, diseño, programación, pruebas) | D85: 4647396 | E85: 5487381 | F85: 10134777 | G85: 2190249 | I85: 2190249 | J85: 7944528 | K85: 10134777 | L85: -23160 | M85: =D85/G85 -> 2.1218574 | N85: =I85/F85 -> 0.2161122 | O85: =L85/J85 -> -0.0029152141 | P85: =L85/F85 -> -0.0022852007 | Q85: =D85-G85 -> 2457147 | R85: =J85 -> 7944528 | S85: -0.10212496
A86: 901344787 | B86: 2022-12-31 | C86: J6201 - Actividades de desarrollo de sistemas informáticos (planificación, análisis, diseño, programación, pruebas) | D86: 210709812 | E86: 33784957 | F86: 244494769 | G86: 62060022 | H86: 212950205 | I86: 275010227 | J86: -30515458 | K86: 244494769 | L86: -47711300 | M86: =D86/G86 -> 3.3952584 | N86: =I86/F86 -> 1.1248103 | O86: =L86/J86 -> 1.5635125 | P86: =L86/F86 -> -0.19514242 | Q86: =D86-G86 -> 148649790 | R86: =J86 -> -30515458 | S86: INDETERMINADO
A87: 901346435 | B87: 2022-12-31 | C87: J6201 - Actividades de desarrollo de sistemas informáticos (planificación, análisis, diseño, programación, pruebas) | D87: 8002006 | E87: 33655496 | F87: 41657502 | G87: 4428781 | H87: 2987172 | I87: 7415953 | J87: 34241549 | K87: 41657502 | L87: -11356740 | M87: =D87/G87 -> 1.8068191 | N87: =I87/F87 -> 0.17802203 | O87: =L87/J87 -> -0.33166549 | P87: =L87/F87 -> -0.27262172 | Q87: =D87-G87 -> 3573225 | R87: =J87 -> 34241549 | S87: -15.592978
A88: 901361537 | B88: 2022-12-31 | C88: J6201 - Actividades de desarrollo de sistemas informáticos (planificación, análisis, diseño, programación, pruebas) | D88: 4168514 | E88: 44547146 | F88: 48715660 | G88: 6343892 | H88: 6777505 | I88: 13121397 | J88: 35594263 | K88: 48715660 | L88: -4010107 | M88: =D88/G88 -> 0.65709095 | N88: =I88/F88 -> 0.26934659 | O88: =L88/J88 -> -0.11266161 | P88: =L88/F88 -> -0.08231659 | Q88: =D88-G88 -> -2175378 | R88: =J88 -> 35594263 | S88: -40.378877
A89: 901376233 | B89: 2022-12-31 | C89: J6201 - Actividades de desarrollo de sistemas informáticos (planificación, análisis, diseño, programación, pruebas) | D89: 2118761 | E89: 517051 | F89: 2635812 | G89: 44205 | I89: 44205 | J89: 2591607 | K89: 2635812 | L89: 978638 | M89: =D89/G89 -> 47.930347 | N89: =I89/F89 -> 0.016770923 | O89: =L89/J89 -> 0.37761821 | P89: =L89/F89 -> 0.37128521 | Q89: =D89-G89 -> 2074556 | R89: =J89 -> 2591607 | S89: 11650.452
A90: 901376797 | B90: 2022-12-31 | C90: J6201 - Actividades de desarrollo de sistemas informáticos (planificación, análisis, diseño, programación, pruebas) | D90: 2746800 | E90: 2613375 | F90: 5360175 | G90: 466189 | I90: 466189 | J90: 4893986 | K90: 5360175 | L90: 2764406 | M90: =D90/G90 -> 5.8920309 | N90: =I90/F90 -> 0.08697272 | O90: =L90/J90 -> 0.56485777 | P90: =L90/F90 -> 0.51573055 | Q90: =D90-G90 -> 2280611 | R90: =J90 -> 4893986 | S90: 10392.504
A91: 901380553 | B91: 2022-12-31 | C91: J6201 - Actividades de desarrollo de sistemas informáticos (planificación, análisis, diseño, programación, pruebas) | D91: 3056919 | E91: 11523797 | F91: 14580716 | G91: 3827356 | H91: 2134705 | I91: 5962061 | J91: 8618655 | K91: 14580716 | L91: -8908795 | M91: =D91/G91 -> 0.79870255 | N91: =I91/F91 -> 0.40890043 | O91: =L91/J91 -> -1.0336642 | P91: =L91/F91 -> -0.61099846 | Q91: =D91-G91 -> -770437 | R91: =J91 -> 8618655 | S91: -83.059492
A92: 901411533 | B92: 2022-12-31 | C92: J6201 - Actividades de desarrollo de sistemas informáticos (planificación, análisis, diseño, programación, pruebas) | D92: 4414165 | E92: 65257490 | F92: 69671655 | G92: 23399373 | H92: 39190152 | I92: 62589525 | J92: 7082130 | K92: 69671655 | L92: -2217070 | M92: =D92/G92 -> 0.18864458 | N92: =I92/F92 -> 0.89834991 | O92: =L92/J92 -> -0.3130513 | P92: =L92/F92 -> -0.031821693 | Q92: =D92-G92 -> -18985208 | R92: =J92 -> 7082130 | S92: -0.27277333
A95: 901449478 | B95: 2022-12-31 | C95: J6201 - Actividades de desarrollo de sistemas informáticos (planificación, análisis, diseño, programación, pruebas) | D95: 66067254 | E95: 22719201 | F95: 88786455 | G95: 28666318 | H95: 40246172 | I95: 68912490 | J95: 19873965 | K95: 88786455 | L95: 14523070 | M95: =D95/G95 -> 2.3046997 | N95: =I95/F95 -> 0.77615994 | O95: =L95/J95 -> 0.73075856 | P95: =L95/F95 -> 0.16357304 | Q95: =D95-G95 -> 37400936 | R95: =J95 -> 19873965 | S95: 2.9356978
A97: 901483657 | B97: 2022-12-31 | C97: J6201 - Actividades de desarrollo de sistemas informáticos (planificación, análisis, diseño, programación, pruebas) | D97: 557921 | E97: 1566502 | F97: 2124423 | G97: 2614758 | I97: 2614758 | J97: -490335 | K97: 2124423 | L97: -746866 | M97: =D97/G97 -> 0.21337386 | N97: =I97/F97 -> 1.2308086 | O97: =L97/J97 -> 1.523175 | P97: =L97/F97 -> -0.35156181 | Q97: =D97-G97 -> -2056837 | R97: =J97 -> -490335 | S97: INDETERMINADO
A98: 901484758 | B98: 2022-12-31 | C98: J6312 - Portales web | D98: 10426671 | E98: 36726154 | F98: 47152825 | G98: 65215994 | H98: 68853 | I98: 65284847 | J98: -18132022 | K98: 47152825 | L98: -13607325 | M98: =D98/G98 -> 0.15987905 | N98: =I98/F98 -> 1.3845373 | O98: =L98/J98 -> 0.75045822 | P98: =L98/F98 -> -0.28857921 | Q98: =D98-G98 -> -54789323 | R98: =J98 -> -18132022 | S98: INDETERMINADO
A99: 901530710 | B99: 2022-12-31 | C99: J6201 - Actividades de desarrollo de sistemas informáticos (planificación, análisis, diseño, programación, pruebas) | D99: 1784455 | E99: 782355 | F99: 2566810 | G99: 1259943 | H99: 12878 | I99: 1272821 | J99: 1293989 | K99: 2566810 | L99: 229161 | M99: =D99/G99 -> 1.4162982 | N99: =I99/F99 -> 0.49587659 | O99: =L99/J99 -> 0.17709656 | P99: =L99/F99 -> 0.089278521 | Q99: =D99-G99 -> 524512 | R99: =J99 -> 1293989 | S99: 1.2717954
A100: 901565571 | B100: 2022-12-31 | C100: J6312 - Portales web | D100: 29169453 | E100: 30123066 | F100: 59292519 | G100: 61064863 | I100: 61064863 | J100: -1772344 | K100: 59292519 | L100: -1872344 | M100: =D100/G100 -> 0.47767982 | N100: =I100/F100 -> 1.0298915 | O100: =L100/J100 -> 1.0564225 | P100: =L100/F100 -> -0.031578082 | Q100: =D100-G100 -> -31895410 | R100: =J100 -> -1772344 | S100: INDETERMINADO
D101: =SUM(D2:D100) -> 3345979871 | E101: =SUM(E2:E100) -> 1327521020 | F101: =SUM(F2:F100) -> 4673500891 | G101: =SUM(G2:G100) -> 2643952901 | H101: =SUM(H2:H100) -> 568424675 | I101: =SUM(I2:I100) -> 3212377576 | J101: =SUM(J2:J100) -> 1461123315 | K101: =SUM(K2:K100) -> 4673500891

Sheet Empresas Indicadores (ERI)
A1: NIT | B1: Fecha de Corte | C1: ciiu | D1: Costos financieros | E1: Ganancia (pérdida), antes de impuestos | F1: Ganancia (pérdida) | G1: RAZÓN DE COBERTURA DE INTERESES | H1: RAZÓN DE COBERTURA DE INTERESES (1)
A5: 800143407 | B5: 2022-12-31 | C5: J6201 - Actividades de desarrollo de sistemas informáticos (planificación, análisis, diseño, programación, pruebas) | D5: 503802 | E5: 905269 | F5: 613380 | G5: =F5/D5 -> 1.2175021 | H5: 1.2175021
A6: 800147578 | B6: 2022-12-31 | C6: J6209 - Otras actividades de tecnologías de información y actividades de servicios informáticos | D6: 845498 | E6: -1262505 | F6: -2250539 | G6: =F6/D6 -> -2.661791 | H6: -2.661791
A8: 800229663 | B8: 2022-12-31 | C8: J6312 - Portales web | D8: 32458 | E8: 454926 | F8: -354181 | G8: =F8/D8 -> -10.911979 | H8: -10.911979
A10: 802015290 | B10: 2022-12-31 | C10: J6209 - Otras actividades de tecnologías de información y actividades de servicios informáticos | D10: 24126 | E10: 1054506 | F10: 685429 | G10: =F10/D10 -> 28.410387 | H10: 28.410387
A11: 805012299 | B11: 2022-12-31 | C11: J6201 - Actividades de desarrollo de sistemas informáticos (planificación, análisis, diseño, programación, pruebas) | D11: 292205 | E11: 1137140 | F11: 587531 | G11: =F11/D11 -> 2.0106809 | H11: 2.0106809
A13: 811023886 | B13: 2022-12-31 | C13: J6201 - Actividades de desarrollo de sistemas informáticos (planificación, análisis, diseño, programación, pruebas) | D13: 217449 | E13: 988665 | F13: 540316 | G13: =F13/D13 -> 2.4847941 | H13: 2.4847941
A14: 830013774 | B14: 2022-12-31 | C14: J6201 - Actividades de desarrollo de sistemas informáticos (planificación, análisis, diseño, programación, pruebas) | D14: 2773664 | E14: 30985617 | F14: 12912265 | G14: =F14/D14 -> 4.6553097 | H14: 4.6553097
A17: 830072490 | B17: 2022-12-31 | C17: J6312 - Portales web | D17: 0 | E17: 0 | F17: 12153217 | G17: =F17/D17 -> #DIV/0! | H17: INDETERMINADO
A19: 830080727 | B19: 2022-12-31 | C19: J6209 - Otras actividades de tecnologías de información y actividades de servicios informáticos | D19: 119 | E19: 240324 | F19: 114943 | G19: =F19/D19 -> 965.90756 | H19: 965.90756
A20: 830081273 | B20: 2022-12-31 | C20: J6209 - Otras actividades de tecnologías de información y actividades de servicios informáticos | D20: 2447945 | E20: 2127075 | F20: 445193 | G20: =F20/D20 -> 0.18186397 | H20: 0.18186397
A21: 830084433 | B21: 2022-12-31 | C21: J6209 - Otras actividades de tecnologías de información y actividades de servicios informáticos | D21: 182920 | E21: 4616877 | F21: 2687968 | G21: =F21/D21 -> 14.694774 | H21: 14.694774
A24: 830096374 | B24: 2022-12-31 | C24: J6201 - Actividades de desarrollo de sistemas informáticos (planificación, análisis, diseño, programación, pruebas) | D24: 1098350 | E24: 11480557 | F24: 7209702 | G24: =F24/D24 -> 6.5641207 | H24: 6.5641207
A26: 830111965 | B26: 2022-12-31 | C26: J6201 - Actividades de desarrollo de sistemas informáticos (planificación, análisis, diseño, programación, pruebas) | E26: 12330008 | F26: 9157664 | G26: =F26/D26 -> #DIV/0! | H26: INDETERMINADO
A28: 830115764 | B28: 2022-12-31 | C28: J6201 - Actividades de desarrollo de sistemas informáticos (planificación, análisis, diseño, programación, pruebas) | D28: 0 | E28: 2388239 | F28: 1840275 | G28: =F28/D28 -> #DIV/0! | H28: INDETERMINADO
A29: 830124633 | B29: 2022-12-31 | C29: J6209 - Otras actividades de tecnologías de información y actividades de servicios informáticos | D29: 682398 | E29: 271413 | F29: 104812 | G29: =F29/D29 -> 0.15359365 | H29: 0.15359365
A32: 900060799 | B32: 2022-12-31 | C32: J6201 - Actividades de desarrollo de sistemas informáticos (planificación, análisis, diseño, programación, pruebas) | D32: 6632874 | E32: 7366008 | F32: 3560528 | G32: =F32/D32 -> 0.53680019 | H32: 0.53680019
A37: 900129872 | B37: 2022-12-31 | C37: J6201 - Actividades de desarrollo de sistemas informáticos (planificación, análisis, diseño, programación, pruebas) | E37: 1382423 | F37: 15103 | G37: =F37/D37 -> #DIV/0! | H37: INDETERMINADO
A40: 900195138 | B40: 2022-12-31 | C40: J6201 - Actividades de desarrollo de sistemas informáticos (planificación, análisis, diseño, programación, pruebas) | D40: 12085686 | E40: 13306643 | F40: 10140057 | G40: =F40/D40 -> 0.83901377 | H40: 0.83901377
A42: 900211457 | B42: 2022-12-31 | C42: J6209 - Otras actividades de tecnologías de información y actividades de servicios informáticos | D42: 1117127 | E42: 865274 | F42: 115870 | G42: =F42/D42 -> 0.10372142 | H42: 0.10372142
A43: 900218578 | B43: 2022-12-31 | C43: J6201 - Actividades de desarrollo de sistemas informáticos (planificación, análisis, diseño, programación, pruebas) | D43: 348385 | E43: 63270412 | F43: 37932929 | G43: =F43/D43 -> 108.88221 | H43: 108.88221
A44: 900224316 | B44: 2022-12-31 | C44: J6201 - Actividades de desarrollo de sistemas informáticos (planificación, análisis, diseño, programación, pruebas) | D44: 152848 | E44: 777297 | F44: 464205 | G44: =F44/D44 -> 3.0370368 | H44: 3.0370368
A45: 900237820 | B45: 2022-12-31 | C45: J6201 - Actividades de desarrollo de sistemas informáticos (planificación, análisis, diseño, programación, pruebas) | D45: 47452 | E45: 1420443 | F45: 1129963 | G45: =F45/D45 -> 23.812758 | H45: 23.812758
A47: 900281430 | B47: 2022-12-31 | C47: J6201 - Actividades de desarrollo de sistemas informáticos (planificación, análisis, diseño, programación, pruebas) | E47: 1564023 | F47: 846061 | G47: =F47/D47 -> #DIV/0! | H47: INDETERMINADO
A48: 900299228 | B48: 2022-12-31 | C48: J6209 - Otras actividades de tecnologías de información y actividades de servicios informáticos | D48: 555868 | E48: -6136458 | F48: -6521373 | G48: =F48/D48 -> -11.731873 | H48: -11.731873
A49: 900320612 | B49: 2022-12-31 | C49: J6209 - Otras actividades de tecnologías de información y actividades de servicios informáticos | D49: 4722871 | E49: 50446947 | F49: 47909039 | G49: =F49/D49 -> 10.14405 | H49: 10.14405
A52: 900399437 | B52: 2022-12-31 | C52: J6209 - Otras actividades de tecnologías de información y actividades de servicios informáticos | E52: -625144 | F52: -781712 | G52: =F52/D52 -> #DIV/0! | H52: INDETERMINADO
A53: 900420814 | B53: 2022-12-31 | C53: J6201 - Actividades de desarrollo de sistemas informáticos (planificación, análisis, diseño, programación, pruebas) | D53: 796590 | E53: 38239419 | F53: 24260315 | G53: =F53/D53 -> 30.455209 | H53: 30.455209
A54: 900471195 | B54: 2022-12-31 | C54: J6209 - Otras actividades de tecnologías de información y actividades de servicios informáticos | D54: 868852 | E54: 5081824 | F54: 4228006 | G54: =F54/D54 -> 4.8661982 | H54: 4.8661982
A57: 900481621 | B57: 2022-12-31 | C57: J6201 - Actividades de desarrollo de sistemas informáticos (planificación, análisis, diseño, programación, pruebas) | D57: 1072676 | E57: 22733754 | F57: 15319532 | G57: =F57/D57 -> 14.281602 | H57: 14.281602
A59: 900569535 | B59: 2022-12-31 | C59: J6201 - Actividades de desarrollo de sistemas informáticos (planificación, análisis, diseño, programación, pruebas) | D59: 108 | E59: 357073 | F59: 188500 | G59: =F59/D59 -> 1745.3704 | H59: 1745.3704
A61: 900584902 | B61: 2022-12-31 | C61: J6201 - Actividades de desarrollo de sistemas informáticos (planificación, análisis, diseño, programación, pruebas) | E61: 131079 | F61: 48338 | G61: =F61/D61 -> #DIV/0! | H61: INDETERMINADO
A62: 900594521 | B62: 2022-12-31 | C62: J6201 - Actividades de desarrollo de sistemas informáticos (planificación, análisis, diseño, programación, pruebas) | D62: 2665837 | E62: 8264264 | F62: 6089325 | G62: =F62/D62 -> 2.2842075 | H62: 2.2842075
A64: 900629941 | B64: 2022-12-31 | C64: J6201 - Actividades de desarrollo de sistemas informáticos (planificación, análisis, diseño, programación, pruebas) | E64: 138887 | F64: 138887 | G64: =F64/D64 -> #DIV/0! | H64: INDETERMINADO
A65: 900633782 | B65: 2022-12-31 | C65: J6201 - Actividades de desarrollo de sistemas informáticos (planificación, análisis, diseño, programación, pruebas) | D65: 787265 | E65: 87369 | F65: 87369 | G65: =F65/D65 -> 0.11097788 | H65: 0.11097788
A66: 900675394 | B66: 2022-12-31 | C66: J6201 - Actividades de desarrollo de sistemas informáticos (planificación, análisis, diseño, programación, pruebas) | D66: 110 | E66: 5535817 | F66: 3563380 | G66: =F66/D66 -> 32394.364 | H66: 32394.364
A67: 900711074 | B67: 2022-12-31 | C67: J6201 - Actividades de desarrollo de sistemas informáticos (planificación, análisis, diseño, programación, pruebas) | D67: 0 | E67: 15485228 | F67: 9220832 | G67: =F67/D67 -> #DIV/0! | H67: INDETERMINADO
A68: 900712544 | B68: 2022-12-31 | C68: J6209 - Otras actividades de tecnologías de información y actividades de servicios informáticos | E68: 1107949 | F68: 582305 | G68: =F68/D68 -> #DIV/0! | H68: INDETERMINADO
A69: 900746078 | B69: 2022-12-31 | C69: J6209 - Otras actividades de tecnologías de información y actividades de servicios informáticos | E69: -54533 | F69: -540136 | G69: =F69/D69 -> #DIV/0! | H69: INDETERMINADO
A70: 900797285 | B70: 2022-12-31 | C70: J6201 - Actividades de desarrollo de sistemas informáticos (planificación, análisis, diseño, programación, pruebas) | E70: 5633461 | F70: 3438879 | G70: =F70/D70 -> #DIV/0! | H70: INDETERMINADO
A71: 900843898 | B71: 2022-12-31 | C71: J6201 - Actividades de desarrollo de sistemas informáticos (planificación, análisis, diseño, programación, pruebas) | D71: 67663230 | E71: -199461497 | F71: -199461497 | G71: =F71/D71 -> -2.9478566 | H71: -2.9478566
A72: 900850957 | B72: 2022-12-31 | C72: J6201 - Actividades de desarrollo de sistemas informáticos (planificación, análisis, diseño, programación, pruebas) | D72: 567514 | E72: -17385360 | F72: -17385360 | G72: =F72/D72 -> -30.63424 | H72: -30.63424
A74: 900955679 | B74: 2022-12-31 | C74: J6201 - Actividades de desarrollo de sistemas informáticos (planificación, análisis, diseño, programación, pruebas) | D74: 3457269 | E74: 10479107 | F74: 6570345 | G74: =F74/D74 -> 1.9004437 | H74: 1.9004437
A76: 901003327 | B76: 2022-12-31 | C76: J6209 - Otras actividades de tecnologías de información y actividades de servicios informáticos | D76: 383937 | E76: -15904005 | F76: -23709861 | G76: =F76/D76 -> -61.754561 | H76: -61.754561
A77: 901026725 | B77: 2022-12-31 | C77: J6201 - Actividades de desarrollo de sistemas informáticos (planificación, análisis, diseño, programación, pruebas) | D77: 0 | E77: -2784715 | F77: -2774862 | G77: =F77/D77 -> #DIV/0! | H77: INDETERMINADO
A78: 901088710 | B78: 2022-12-31 | C78: J6312 - Portales web | E78: 244803 | F78: 212834 | G78: =F78/D78 -> #DIV/0! | H78: INDETERMINADO
A79: 901177770 | B79: 2022-12-31 | C79: J6201 - Actividades de desarrollo de sistemas informáticos (planificación, análisis, diseño, programación, pruebas) | D79: 1230035 | E79: -1870092 | F79: -1392278 | G79: =F79/D79 -> -1.1319011 | H79: -1.1319011
A80: 901221987 | B80: 2022-12-31 | C80: J6209 - Otras actividades de tecnologías de información y actividades de servicios informáticos | E80: -764407 | F80: -1257624 | G80: =F80/D80 -> #DIV/0! | H80: INDETERMINADO
A81: 901265149 | B81: 2022-12-31 | C81: J6201 - Actividades de desarrollo de sistemas informáticos (planificación, análisis, diseño, programación, pruebas) | D81: 778974 | E81: -46908955 | F81: -39822177 | G81: =F81/D81 -> -51.121317 | H81: -51.121317
A82: 901277447 | B82: 2022-12-31 | C82: J6201 - Actividades de desarrollo de sistemas informáticos (planificación, análisis, diseño, programación, pruebas) | D82: 20172 | E82: 103326 | F82: 42662 | G82: =F82/D82 -> 2.1149118 | H82: 2.1149118
A83: 901284844 | B83: 2022-12-31 | C83: J6201 - Actividades de desarrollo de sistemas informáticos (planificación, análisis, diseño, programación, pruebas) | D83: 16549 | E83: 1318669 | F83: 797700 | G83: =F83/D83 -> 48.202308 | H83: 48.202308
A84: 901306687 | B84: 2022-12-31 | C84: J6201 - Actividades de desarrollo de sistemas informáticos (planificación, análisis, diseño, programación, pruebas) | E84: -38572 | F84: -38572 | G84: =F84/D84 -> #DIV/0! | H84: INDETERMINADO
A85: 901323081 | B85: 2022-12-31 | C85: J6201 - Actividades de desarrollo de sistemas informáticos (planificación, análisis, diseño, programación, pruebas) | D85: 226781 | E85: -1819382 | F85: -23160 | G85: =F85/D85 -> -0.10212496 | H85: -0.10212496
A86: 901344787 | B86: 2022-12-31 | C86: J6201 - Actividades de desarrollo de sistemas informáticos (planificación, análisis, diseño, programación, pruebas) | E86: -46314880 | F86: -47711300 | G86: =F86/D86 -> #DIV/0! | H86: INDETERMINADO
A87: 901346435 | B87: 2022-12-31 | C87: J6201 - Actividades de desarrollo de sistemas informáticos (planificación, análisis, diseño, programación, pruebas) | D87: 728324 | E87: -17367927 | F87: -11356740 | G87: =F87/D87 -> -15.592978 | H87: -15.592978
A88: 901361537 | B88: 2022-12-31 | C88: J6201 - Actividades de desarrollo de sistemas informáticos (planificación, análisis, diseño, programación, pruebas) | D88: 99312 | E88: -4012895 | F88: -4010107 | G88: =F88/D88 -> -40.378877 | H88: -40.378877
A89: 901376233 | B89: 2022-12-31 | C89: J6201 - Actividades de desarrollo de sistemas informáticos (planificación, análisis, diseño, programación, pruebas) | D89: 84 | E89: 978638 | F89: 978638 | G89: =F89/D89 -> 11650.452 | H89: 11650.452
A90: 901376797 | B90: 2022-12-31 | C90: J6201 - Actividades de desarrollo de sistemas informáticos (planificación, análisis, diseño, programación, pruebas) | D90: 266 | E90: 2764406 | F90: 2764406 | G90: =F90/D90 -> 10392.504 | H90: 10392.504
A91: 901380553 | B91: 2022-12-31 | C91: J6201 - Actividades de desarrollo de sistemas informáticos (planificación, análisis, diseño, programación, pruebas) | D91: 107258 | E91: -9978731 | F91: -8908795 | G91: =F91/D91 -> -83.059492 | H91: -83.059492
A92: 901411533 | B92: 2022-12-31 | C92: J6201 - Actividades de desarrollo de sistemas informáticos (planificación, análisis, diseño, programación, pruebas) | D92: 8127884 | E92: -1794784 | F92: -2217070 | G92: =F92/D92 -> -0.27277333 | H92: -0.27277333
A95: 901449478 | B95: 2022-12-31 | C95: J6201 - Actividades de desarrollo de sistemas informáticos (planificación, análisis, diseño, programación, pruebas) | D95: 4947059 | E95: 23517626 | F95: 14523070 | G95: =F95/D95 -> 2.9356978 | H95: 2.9356978
A97: 901483657 | B97: 2022-12-31 | C97: J6201 - Actividades de desarrollo de sistemas informáticos (planificación, análisis, diseño, programación, pruebas) | E97: -746866 | F97: -746866 | G97: =F97/D97 -> #DIV/0! | H97: INDETERMINADO
A98: 901484758 | B98: 2022-12-31 | C98: J6312 - Portales web | E98: -13538472 | F98: -13607325 | G98: =F98/D98 -> #DIV/0! | H98: INDETERMINADO
A99: 901530710 | B99: 2022-12-31 | C99: J6201 - Actividades de desarrollo de sistemas informáticos (planificación, análisis, diseño, programación, pruebas) | D99: 180187 | E99: 487137 | F99: 229161 | G99: =F99/D99 -> 1.2717954 | H99: 1.2717954
A100: 901565571 | B100: 2022-12-31 | C100: J6312 - Portales web | E100: -1918482 | F100: -1872344 | G100: =F100/D100 -> #DIV/0! | H100: INDETERMINADO
D101: =SUM(D2:D100) -> 129490318 | E101: =SUM(E2:E100) -> -38618740 | F101: =SUM(F2:F100) -> -142292945

Sheet Indicadores 2024
A1: Activos corrientes totales | B1: Total de activos no corrientes | C1: Total de activos | D1: Pasivos corrientes totales | E1: Total de pasivos no corrientes | F1: Total pasivos | G1: Patrimonio total | H1: Total de patrimonio y pasivos
A2: ='Empresas Indicadores (ESF)'!D101 -> 3345979871 | B2: ='Empresas Indicadores (ESF)'!E101 -> 1327521020 | C2: =A2+B2 -> 4673500891 | D2: ='Empresas Indicadores (ESF)'!G101 -> 2643952901 | E2: ='Empresas Indicadores (ESF)'!H101 -> 568424675 | F2: =D2+E2 -> 3212377576 | G2: ='Empresas Indicadores (ESF)'!J101 -> 1461123315 | H2: =G2+F2 -> 4673500891
H3: =C2-H2 -> 0 | I3: Prueba
A5: Costos financieros | B5: Ganancia (pérdida), antes de impuestos | C5: Ganancia (pérdida)
A6: ='Empresas Indicadores (ERI)'!D101 -> 129490318 | B6: ='Empresas Indicadores (ERI)'!E101 -> -38618740 | C6: ='Empresas Indicadores (ERI)'!F101 -> -142292945

Sheet Empresas CIIU
A1: NIT | B1: Código CIIU | C1: Ciudad Domicilio | D1: Situación
A2: 800057965 | B2: J6202 - Actividades de consultoría informática y actividades de administración de instalaciones informáticas | D2: Activa
A3: 800066453 | B3: J6202 - Actividades de consultoría informática y actividades de administración de instalaciones informáticas | D3: Activa
A4: 800110980 | B4: J6202 - Actividades de consultoría informática y actividades de administración de instalaciones informáticas | D4: Activa
A5: 800143407 | B5: J6201 - Actividades de desarrollo de sistemas informáticos (planificación, análisis, diseño, programación, pruebas) | D5: Activa
A6: 800147578 | B6: J6209 - Otras actividades de tecnologías de información y actividades de servicios informáticos | D6: Activa
A7: 800159527 | B7: J6202 - Actividades de consultoría informática y actividades de administración de instalaciones informáticas | D7: Activa
A8: 800229663 | B8: J6312 - Portales web | D8: Activa
A9: 800241958 | B9: J6202 - Actividades de consultoría informática y actividades de administración de instalaciones informáticas | D9: Activa
A10: 802015290 | B10: J6209 - Otras actividades de tecnologías de información y actividades de servicios informáticos | D10: Activa
A11: 805012299 | B11: J6201 - Actividades de desarrollo de sistemas informáticos (planificación, análisis, diseño, programación, pruebas) | D11: Activa
A12: 805025216 | B12: J6202 - Actividades de consultoría informática y actividades de administración de instalaciones informáticas | D12: Activa
A13: 811023886 | B13: J6201 - Actividades de desarrollo de sistemas informáticos (planificación, análisis, diseño, programación, pruebas) | D13: Activa
... A100: 901565571 | B100: J6312 - Portales web | D100: Activa

Sheet Formula indicadores
E6: LIQUIDEZ | F6: ACTIVO CTE / PASIVO CTE
E8: ENDEUDAMIENTO | F8: PASIVO TOTAL/ACTIVO TOTAL
E10: CAPITAL DE TRABAJO | F10: ACTIVO CORRIENTE - PASIVO CORRIENTE
E12: RAZON DE COBERTURA DE INTERESES: | F12: UTILIDAD OPERACIONAL / GASTOS DE INTERESES
